 Dungeon Crawl Stone Soup version 0.23.2-1-ga50397a6bc (webtiles) character file.

Game seed: 3521557081919593559

112 Kobolds4U the Covered (level 4, 0/40 HPs)
             Began as a Minotaur Fighter on Apr 24, 2019.
             Was a Follower of Uskayaw.
             Succumbed to an adder's poison
             ... on level 2 of the Dungeon.
             The game lasted 00:03:00 (1821 turns).

Kobolds4U the Covered (Minotaur Fighter)            Turns: 1821, Time: 00:03:01

Health: 0/40       AC:  7    Str: 20    XL:     4   Next: 64%
Magic:  3/3        EV:  9    Int:  5    God:    Uskayaw [*.....]
Gold:   179        SH: 13    Dex: 11    Spells: 3/3 levels left

rFire    . . .     SeeInvis .   a - +0 war axe
rCold    . . .     Gourm    .   c - +0 shield
rNeg     . . .     Faith    .   b - +0 scale mail
rPois    .         Spirit   .   (helmet restricted)
rElec    .         Reflect  .   (no cloak)
rCorr    .         Harm     .   (no gloves)
MR       .....                  (no boots)
Stlth    ..........             (no amulet)
HPRegen  0.13/turn              s - ring of attention (curse)
MPRegen  0.08/turn              (no ring)

@: lethally poisoned (0 -> -4)
A: retaliatory headbutt, horns 2, repulsion field 1, large bone plates 1,
MP-powered wands
a: Stomp, Renounce Religion


You were on level 2 of the Dungeon.
You worshipped Uskayaw.
Uskayaw was noncommittal.
You were not hungry.

You visited 1 branch of the dungeon, and saw 3 of its levels.

You collected 179 gold pieces.

Inventory:

Hand Weapons
 a - a +0 war axe (weapon)
Armour
 b - a +0 scale mail (worn)
 c - a +0 shield (worn)
Jewellery
 s - a cursed ring of attention (left hand)
Scrolls
 e - a scroll of immolation {unknown}
 h - 6 scrolls of identify {unknown}
 i - a scroll of fog {unknown}
 j - a scroll of noise {unknown}
 k - a scroll of random uselessness {unknown}
 l - a scroll of amnesia {unknown}
 m - a scroll of magic mapping {unknown}
 q - 2 scrolls of enchant weapon {unknown}
Potions
 d - a potion of might
 g - a potion of mutation
 n - a potion of resistance {unknown}
 p - a potion of flight {unknown}
 r - 2 potions of haste {unknown}
 t - a potion of degeneration {unknown}
Comestibles
 f - 2 rations
 o - a chunk of flesh


   Skills:
 * Level 4.2 Fighting
 + Level 4.1 Axes
 - Level 5.0 Armour
 - Level 3.8 Shields


You had 3 spell levels left.
You didn't know any spells.
Your spell library was empty.

Dungeon Overview and Level Annotations

Branches:
Dungeon (3/15)

Altars:
Fedhas
Uskayaw
Yredelemnul


Innate Abilities, Weirdness & Mutations

You reflexively headbutt those who attack you in melee.
You have a pair of horns on your head.
You are surrounded by a mild repulsion field. (EV +2)
You are partially covered in large bone plates. (SH +4)
You expend magic power (3 MP) to strengthen your wands.


Message History

The adder bites you but does no damage.
The centaur shoots an arrow.
The arrow hits you but does no damage.
You see here an arrow.
You block the adder's attack. The adder bites you but does no damage.
The adder bites you but does no damage.
There is a stone staircase leading up here.
The adder bites you.
* * * LOW HITPOINT WARNING * * *
You are lethally poisoned!
The adder poisons you!
You climb upwards.
* * * LOW HITPOINT WARNING * * *
You feel sick.
There is a stone staircase leading down here.
It was a potion of mutation.
You feel extremely strange.
Large bone plates grow over parts of your arms.
You feel your magical essence link to your wands.
You begin to radiate repulsive energy.
You die...

########## ##........#
.#........#############
..........'.....@.....#
.#........###..S......#
##........# #.........#
##....[...# ##.#'######
.'........## #.#.#
##.........# #.#.#
#.........# #.#.#
##.........# #.#.#
#..........###.#.#


You could see an adder.

Vanquished Creatures
  2 worker ants (D:3)
  A hound skeleton (D:3)
  2 adders (D:3)
  A worm (D:3)
  2 leopard geckos
  3 bats
  A giant cockroach (D:1)
  2 goblins (D:3)
  3 hobgoblins
  4 jackals (D:1)
  4 kobolds
  4 frilled lizards
  4 rats
33 creatures vanquished.

Vanquished Creatures (others)
  An orc (D:3)
1 creature vanquished.

Grand Total: 34 creatures vanquished

Notes
Turn   | Place    | Note
-------+----------+-------------------------------------------
     0 | D:1      | Kobolds4U the Minotaur Fighter began the quest for the Orb.
     0 | D:1      | Reached XP level 1. HP: 19/19 MP: 0/0
   208 | D:1      | Reached XP level 2. HP: 25/27 MP: 1/1
  1020 | D:2      | Found a faded altar of an unknown god.
  1321 | D:3      | Found a blossoming altar of Fedhas.
  1321 | D:3      | Found a hide-covered altar of Uskayaw.
  1322 | D:3      | Found a basalt altar of Yredelemnul.
  1329 | D:3      | Reached skill level 4 in Armour
  1329 | D:3      | Reached XP level 3. HP: 32/33 MP: 2/2
  1333 | D:3      | Became a worshipper of Uskayaw the Reveler
  1353 | D:3      | Reached * piety under Uskayaw
  1355 | D:3      | Reached ** piety under Uskayaw
  1533 | D:3      | Reached XP level 4. HP: 34/40 MP: 3/3
  1563 | D:3      | Reached skill level 5 in Armour
  1569 | D:3      | Reached *** piety under Uskayaw
  1805 | D:3      | Noticed a centaur
  1810 | D:3      | HP: 2/40 [centaur/arrow (9)]
  1819 | D:3      | HP: 1/40 [adder (2)]
  1821 | D:2      | Gained mutation: You are partially covered in large bone
                  | plates. (SH +4) [potion of mutation]
  1821 | D:2      | Gained mutation: You expend magic power (3 MP) to
                  | strengthen your wands. [potion of mutation]
  1821 | D:2      | Gained mutation: You are surrounded by a mild repulsion
                  | field. (EV +2) [potion of mutation]
  1821 | D:2      | Succumbed to an adder's poison

Skill      XL: |  1  2  3  4 |
---------------+-------------+-----
Fighting       | 4 |  4.2
Axes           | 3 4 |  4.1
Armour         | 4 5 |  5.0
Shields        | |  3.8

Action                   |  1- 3 |  4- 6 || total
-------------------------+-------+-------++-------
Melee: War axe           |    84 |    23 ||   107
       Headbutt          |    11 |     1 ||    12
  Use: Potion            |       |     1 ||     1
  Eat: Chunk             |     2 |     1 ||     3
Armor: Scale mail        |    45 |    12 ||    57
Dodge: Dodged            |    24 |     9 ||    33
Block: Shield            |    48 |    17 ||    65
